Pittsburgh Penguins vs Colorado Rockies
Created - Thursday, May 11, 2023 at 07:49
Goals
|
| Pittsburgh Penguins |
0 |
1 |
0 |
1 |
| Colorado Rockies |
0 |
2 |
0 |
2 |
|
Shots
|
| Pittsburgh Penguins |
9 |
9 |
7 |
25 |
| Colorado Rockies |
12 |
17 |
16 |
45 |
|
1st period
No Goal
Penalties :
Jeff Carter (PIT) for Tripping (Minor) at 13:45, Jesper Bratt (COL) for Hooking (Minor) at 16:33
2nd period
1. Colorado Rockies , Tim Stutzle 17 (Victor Hedman 15, Jesper Bratt 24) at 13:21
2. Colorado Rockies , Nick Schmaltz 18 (David Pastrnak 24, Roman Josi 16) at 16:06 (PP)
3. Pittsburgh Penguins , Ryan Johansen 22 (Pavel Buchnevich 20, Jeff Carter 18) at 17:46
Penalties :
Andrei Vasilevskiy (COL) for Delaying the game (Minor) at 1:40 - Kyle Connor served the penalty, Ryan Suter (PIT) for Roughing (Minor) at 7:55, Ryan Suter (PIT) for Roughing (Minor) at 15:30, Leon Draisaitl (PIT) for Elbowing (Minor) at 17:59
3rd period
No Goal
Penalties :
Jeff Carter (PIT) for Interference (Minor) at 0:31, Ryan Suter (PIT) for Boarding (Minor) at 8:54
Goalie Stats
Jonathan Quick (PIT), 43 saves from 45 shots - (0.956), L, 17-19-2, 59:49 minutes
Andrei Vasilevskiy (COL), 24 saves from 25 shots - (0.960), W, 24-10-2, 60:00 minutes
Players Stats for Pittsburgh Penguins
Player Name G A P +/- PIM S H SB GA TA FO MP PP MP PK MP
------------------------------------------------------------------------------------
Anders Lee 0 0 0 0 0 0 0 0 0 0 1/1 10:22 0:00 0:07
Blake Coleman 0 0 0 -1 0 1 0 0 0 1 0/0 8:24 0:00 0:00
Chris Tanev 0 0 0 0 0 1 3 2 0 1 0/0 22:19 2:23 4:54
Colton Sissons 0 0 0 -1 0 0 2 0 0 0 4/5 8:39 0:00 0:00
Erik Gudbranson 0 0 0 0 0 3 0 2 0 1 0/0 15:19 0:00 2:30
Erik Karlsson 0 0 0 0 0 1 0 3 1 0 0/0 23:59 1:35 5:15
Jean-Gabriel Pageau 0 0 0 0 0 3 3 1 0 0 4/6 17:56 1:49 1:46
Jeff Carter 0 1 1 1 4 1 1 1 0 0 1/1 15:42 1:24 0:00
Jordan Eberle 0 0 0 -1 0 0 0 0 0 0 2/4 14:09 0:10 3:20
Leon Draisaitl 0 0 0 0 2 3 0 0 1 1 12/27 20:14 1:40 4:16
Mattias Ekholm 0 0 0 0 0 1 0 2 1 0 0/0 24:22 1:35 5:27
Mitch Marner 0 0 0 0 0 3 2 0 1 0 1/3 20:04 1:40 5:05
Pavel Buchnevich 0 1 1 1 0 1 5 0 0 0 0/2 21:04 2:01 5:19
Reilly Smith 0 0 0 0 0 0 1 1 0 0 0/0 12:22 0:58 0:00
Ryan Johansen 1 0 1 1 0 4 2 0 1 0 9/15 14:56 1:41 0:00
Ryan Suter 0 0 0 0 6 1 1 0 0 2 0/0 20:07 2:23 2:24
Sam Reinhart 0 0 0 0 0 1 0 1 0 0 0/0 5:34 0:31 1:09
T.J. Brodie 0 0 0 0 0 1 0 4 0 0 0/0 13:51 0:00 0:32
Players Stats for Colorado Rockies
Player Name G A P +/- PIM S H SB GA TA FO MP PP MP PK MP
------------------------------------------------------------------------------------
David Pastrnak 0 1 1 -1 0 2 0 1 1 0 0/1 16:34 4:36 0:00
Dylan Strome 0 0 0 1 0 2 0 0 0 0 7/13 12:33 0:00 0:00
Evgeny Kuznetsov 0 0 0 0 0 3 2 1 0 1 17/27 19:47 5:55 0:00
Jakub Vrana 0 0 0 0 0 1 2 0 0 0 0/0 6:41 0:00 0:00
Jesper Bratt 0 1 1 1 2 4 0 0 1 1 0/0 13:11 0:00 0:12
Kevin Hayes 0 0 0 0 0 0 0 0 0 0 1/2 8:59 0:00 2:18
Kyle Connor 0 0 0 0 0 5 2 1 0 0 0/1 20:54 5:55 0:40
Martin Fehervary 0 0 0 0 0 0 0 3 1 0 0/0 13:28 0:00 2:22
Nick Bonino 0 0 0 0 0 2 1 0 0 0 0/1 8:27 0:00 1:19
Nick Schmaltz 1 0 1 -1 0 4 1 0 0 0 0/1 16:55 4:36 0:21
Nikita Kucherov 0 0 0 0 0 4 0 0 0 1 0/2 19:47 5:55 0:00
Quinn Hughes 0 0 0 0 0 0 1 2 1 0 0/0 20:35 6:01 0:00
Roman Josi 0 1 1 0 0 2 2 2 0 0 0/0 23:25 6:01 1:36
Ryan O'Reilly 0 0 0 -1 0 6 3 3 1 0 5/16 18:52 4:36 2:18
Shea Theodore 0 0 0 0 0 1 0 1 0 0 0/0 15:42 0:00 1:36
Tim Stutzle 1 0 1 1 0 5 0 0 0 0 0/0 13:21 0:00 0:48
Victor Hedman 0 1 1 0 0 2 2 2 1 1 0/0 23:43 4:30 2:22
Zach Werenski 0 0 0 0 0 2 0 2 0 1 0/0 23:07 4:30 0:00
3 Stars
1 - Jonathan Quick (PIT)
2 - Andrei Vasilevskiy (COL)
3 - Ryan Johansen (PIT)
Power Play
Pittsburgh Penguins - 0 on 2 Attempt(s) - 0.00%
Colorado Rockies - 1 on 6 Attempt(s) - 16.67%
Penalty Kill
Pittsburgh Penguins - 5 on 6 Attempt(s) - 83.33%
- Score 0 goal in Penalty Kill
Colorado Rockies - 2 on 2 Attempt(s) - 100.00%
- Score 0 goal in Penalty Kill
Team Stat
Pittsburgh Penguins - Hits : 20 - Faceoff Wins : 34 - Blocked Shots : 17 - Penalty Minutes : 12
Colorado Rockies - Hits : 16 - Faceoff Wins : 30 - Blocked Shots : 18 - Penalty Minutes : 4
Official
Referees : Gord Dwyer and Kelly Sutherland
Linesman : Brad Lazarowich and Ryan Gibbons
Game Notes
Sam Reinhart is injured at 17:37 of 1st period (Sprained Right Finger)
Finance
Level 1 -- Attendance: 5899 (98.32%) -- Ticket Income $530,910
Level 2 -- Attendance: 4716 (94.32%) -- Ticket Income $259,380
Level 3 -- Attendance: 2664 (88.80%) -- Ticket Income $93,240
Level 4 -- Attendance: 3761 (75.22%) -- Ticket Income $94,025
Luxury Box -- Attendance: 920 (92.00%) -- Ticket Income $161,000
Game was played at the Pepsi Center.
Total Attendance: 17960 (89.80%)
Total Ticket Income: $1,138,555
Other Income: $398,494
Total Income: $1,537,049
Pittsburgh Penguins
5 vs 5 Forward
Center Left Wing Right Wing Time % Phy DF OF
1 Leon Draisaitl Mitch Marner Sam Reinhart 30 1 2 2
2 Ryan Johansen Pavel Buchnevich Jeff Carter 30 1 2 2
3 Jean-Gabriel Pageau Anders Lee Reilly Smith 25 1 2 2
4 Colton Sissons Blake Coleman Jordan Eberle 15 1 2 2
5 vs 5 Defense
Defense Defense Time % Phy DF OF
1 Mattias Ekholm Erik Karlsson 35 1 2 2
2 Ryan Suter Chris Tanev 35 1 2 2
3 T.J. Brodie Erik Gudbranson 30 1 2 2
4 Mattias Ekholm Erik Karlsson 0 1 2 2
PowerPlay Forward
Center Left Wing Right Wing Time % Phy DF OF
1 Leon Draisaitl Mitch Marner Sam Reinhart 50 1 2 2
2 Ryan Johansen Pavel Buchnevich Jeff Carter 50 1 2 2
PowerPlay Defense
Defense Defense Time % Phy DF OF
1 Mattias Ekholm Erik Karlsson 50 1 2 2
2 Ryan Suter Chris Tanev 50 1 2 2
Penalty Kill 4 Players Forward
Center Wing Time % Phy DF OF
1 Leon Draisaitl Mitch Marner 50 1 2 2
2 Sam Reinhart Pavel Buchnevich 50 1 2 2
Penalty Kill 4 Players Defense
Defense Defense Time % Phy DF OF
1 Mattias Ekholm Erik Karlsson 50 1 2 2
2 Ryan Suter Chris Tanev 50 1 2 2
Penalty Kill - 3 Players Forward
Forward Time % Phy DF OF
1 Leon Draisaitl 50 1 2 2
2 Mitch Marner 50 1 2 2
Penalty Kill - 3 Players Defense
Defense Defense Time % Phy DF OF
1 Mattias Ekholm Erik Karlsson 50 1 2 2
2 Ryan Suter Chris Tanev 50 1 2 2
4 vs 4 Forward
Center Wing Time % Phy DF OF
1 Leon Draisaitl Mitch Marner 50 1 2 2
2 Sam Reinhart Pavel Buchnevich 50 1 2 2
4 vs 4 Defense
Defense Defense Time % Phy DF OF
1 Mattias Ekholm Erik Karlsson 50 1 2 2
2 Ryan Suter Chris Tanev 50 1 2 2
Last Minutes Offensive
Center Left Wing Right Wing Defense Defense
Leon Draisaitl Mitch Marner Sam Reinhart Mattias Ekholm Erik Karlsson
Last Minutes Defensive
Center Left Wing Right Wing Defense Defense
Leon Draisaitl Mitch Marner Sam Reinhart Mattias Ekholm Erik Karlsson
Goaltenders
Starting : Jonathan Quick
Backup : Mike Smith
Extra Forwards
Normal : Jean-Gabriel Pageau, Reilly Smith, Jordan Eberle - PP : Jean-Gabriel Pageau, Reilly Smith - PK : Jordan Eberle
Extra Defensemen
Normal : T.J. Brodie, Erik Gudbranson, Ryan Suter - PP : T.J. Brodie - PK : Erik Gudbranson, Ryan Suter
Penalty Shots
Leon Draisaitl, Mitch Marner, Sam Reinhart, Pavel Buchnevich, Ryan Johansen
Colorado Rockies
5 vs 5 Forward
Center Left Wing Right Wing Time % Phy DF OF
1 Evgeny Kuznetsov Kyle Connor Nikita Kucherov 30 1 2 2
2 Ryan O'Reilly Nick Schmaltz David Pastrnak 29 1 2 2
3 Dylan Strome Tim Stutzle Jesper Bratt 29 1 2 2
4 Nick Bonino Kevin Hayes Jakub Vrana 12 1 2 2
5 vs 5 Defense
Defense Defense Time % Phy DF OF
1 Victor Hedman Zach Werenski 35 1 2 2
2 Quinn Hughes Roman Josi 35 1 2 2
3 Shea Theodore Martin Fehervary 22 1 2 2
4 Zach Werenski Shea Theodore 8 1 2 2
PowerPlay Forward
Center Left Wing Right Wing Time % Phy DF OF
1 Evgeny Kuznetsov Kyle Connor Nikita Kucherov 60 1 1 3
2 Ryan O'Reilly Nick Schmaltz David Pastrnak 40 1 2 2
PowerPlay Defense
Defense Defense Time % Phy DF OF
1 Quinn Hughes Roman Josi 60 1 2 2
2 Zach Werenski Victor Hedman 40 1 2 2
Penalty Kill 4 Players Forward
Center Wing Time % Phy DF OF
1 Ryan O'Reilly Kevin Hayes 60 1 2 2
2 Nick Bonino Kyle Connor 40 1 2 2
Penalty Kill 4 Players Defense
Defense Defense Time % Phy DF OF
1 Martin Fehervary Victor Hedman 60 1 2 2
2 Roman Josi Shea Theodore 40 1 2 2
Penalty Kill - 3 Players Forward
Forward Time % Phy DF OF
1 Kevin Hayes 60 1 2 2
2 Ryan O'Reilly 40 1 2 2
Penalty Kill - 3 Players Defense
Defense Defense Time % Phy DF OF
1 Martin Fehervary Victor Hedman 60 1 2 2
2 Roman Josi Shea Theodore 40 1 2 2
4 vs 4 Forward
Center Wing Time % Phy DF OF
1 Evgeny Kuznetsov Nikita Kucherov 60 1 2 2
2 Dylan Strome David Pastrnak 40 1 2 2
4 vs 4 Defense
Defense Defense Time % Phy DF OF
1 Zach Werenski Roman Josi 60 1 2 2
2 Victor Hedman Quinn Hughes 40 1 2 2
Last Minutes Offensive
Center Left Wing Right Wing Defense Defense
Evgeny Kuznetsov Kyle Connor Nikita Kucherov Victor Hedman Roman Josi
Last Minutes Defensive
Center Left Wing Right Wing Defense Defense
Evgeny Kuznetsov Kyle Connor Nikita Kucherov Victor Hedman Roman Josi
Goaltenders
Starting : Andrei Vasilevskiy
Backup : Ilya Samsonov
Extra Forwards
Normal : Jesper Bratt, Tim Stutzle, Nick Schmaltz - PP : Jesper Bratt, Tim Stutzle - PK : Kevin Hayes
Extra Defensemen
Normal : Shea Theodore, Martin Fehervary, Zach Werenski - PP : Shea Theodore - PK : Martin Fehervary, Zach Werenski
Penalty Shots
Jakub Vrana, Evgeny Kuznetsov, Tim Stutzle, Shea Theodore, Jesper Bratt
% Time on Ice - Pittsburgh Penguins
Lines # - Real PCT - Wanted PCT - Time Play
Normal Forward
1 - 30% - 30% - 13:05
2 - 32% - 30% - 14:20
3 - 19% - 25% - 8:28
4 - 19% - 15% - 8:24
Normal Defense
1 - 35% - 35% - 15:34
2 - 35% - 35% - 15:32
3 - 29% - 30% - 12:50
4 - 1% - 0% - 0:21
PP Forward
1 - 58% - 50% - 2:17
2 - 42% - 50% - 1:41
PP Defense
1 - 40% - 50% - 1:35
2 - 60% - 50% - 2:23
PK Forward
1 - 46% - 50% - 4:49
2 - 54% - 50% - 5:42
PK Defense
1 - 48% - 50% - 5:05
2 - 52% - 50% - 5:26
PK3 Forward
1 - 0% - 50%
2 - 0% - 50%
PK3 Defense
1 - 0% - 50%
2 - 0% - 50%
44 Forward
1 - 0% - 50%
2 - 0% - 50%
44 Defense
1 - 0% - 50%
2 - 0% - 50%
Last Minute Offensive - 1:14
Last Minute Defensive - 0:00
Total
Forward - 60:00
Defense - 60:00
|
% Time on Ice - Colorado Rockies
Lines # - Real PCT - Wanted PCT - Time Play
Normal Forward
1 - 29% - 30% - 12:41
2 - 28% - 29% - 12:25
3 - 28% - 29% - 12:33
4 - 15% - 12% - 6:41
Normal Defense
1 - 36% - 35% - 15:59
2 - 35% - 35% - 15:29
3 - 25% - 22% - 11:06
4 - 4% - 8% - 1:46
PP Forward
1 - 56% - 60% - 5:55
2 - 44% - 40% - 4:36
PP Defense
1 - 57% - 60% - 6:01
2 - 43% - 40% - 4:30
PK Forward
1 - 67% - 60% - 2:39
2 - 33% - 40% - 1:19
PK Defense
1 - 60% - 60% - 2:22
2 - 40% - 40% - 1:36
PK3 Forward
1 - 0% - 60%
2 - 0% - 40%
PK3 Defense
1 - 0% - 60%
2 - 0% - 40%
44 Forward
1 - 0% - 60%
2 - 0% - 40%
44 Defense
1 - 0% - 60%
2 - 0% - 40%
Last Minute Offensive - 0:00
Last Minute Defensive - 1:11
Total
Forward - 60:00
Defense - 60:00
|
Play-by-Play
1st period
0:01 of 1st period - Leon Draisaitl wins face-off versus Nikita Kucherov in neutral zone.
0:58 of 1st period - Snap shot by Jean-Gabriel Pageau.
0:58 of 1st period - Shot Misses the Net.
1:31 of 1st period - Erik Gudbranson is hit by Kyle Connor and loses puck.
2:30 of 1st period - Slapshot by Dylan Strome.
2:30 of 1st period - Stopped by Jonathan Quick without a rebound.
2:31 of 1st period - Colton Sissons wins face-off versus Nick Bonino in Pittsburgh Penguins zone.
2:59 of 1st period - Slapshot by Leon Draisaitl.
2:59 of 1st period - Stopped by Andrei Vasilevskiy with a rebound.
3:01 of 1st period - Slapshot by Mitch Marner.
3:01 of 1st period - Shot Hit the Post.
3:03 of 1st period - Snap shot by Sam Reinhart.
3:03 of 1st period - Stopped by Andrei Vasilevskiy without a rebound.
3:04 of 1st period - Leon Draisaitl wins face-off versus Nick Schmaltz in Colorado Rockies zone.
3:05 of 1st period - Snap shot by Mitch Marner.
3:05 of 1st period - Stopped by Andrei Vasilevskiy without a rebound.
3:06 of 1st period - Ryan Johansen wins face-off versus Ryan O'Reilly in Colorado Rockies zone.
3:19 of 1st period - Wrist shot by Nick Schmaltz.
3:19 of 1st period - Stopped by Jonathan Quick with a rebound.
3:33 of 1st period - Roman Josi is hit by Jean-Gabriel Pageau and loses puck.
4:33 of 1st period - Icing by Shea Theodore.
4:34 of 1st period - Jeff Carter wins face-off versus Ryan O'Reilly in Colorado Rockies zone.
4:43 of 1st period - Slapshot by Ryan Johansen.
4:43 of 1st period - Shot Blocked by David Pastrnak.
5:01 of 1st period - Kyle Connor is hit by Chris Tanev and loses puck.
5:32 of 1st period - Wrist shot by Jean-Gabriel Pageau.
5:32 of 1st period - Deflect By Reilly Smith.
5:32 of 1st period - Shot Misses the Net.
5:32 of 1st period - Puck is out of play.
5:33 of 1st period - Ryan Johansen wins face-off versus Dylan Strome in Colorado Rockies zone.
5:46 of 1st period - Snap shot by Pavel Buchnevich.
5:46 of 1st period - Shot Blocked by Shea Theodore.
5:58 of 1st period - Shea Theodore is hit by Chris Tanev and loses puck.
6:47 of 1st period - Snap shot by Jesper Bratt.
6:47 of 1st period - Stopped by Jonathan Quick without a rebound.
6:48 of 1st period - Dylan Strome wins face-off versus Pavel Buchnevich in Pittsburgh Penguins zone.
6:51 of 1st period - Slapshot by Jesper Bratt.
6:51 of 1st period - Shot Blocked by Jeff Carter.
7:01 of 1st period - Slapshot by Ryan Johansen.
7:01 of 1st period - Shot Blocked by Quinn Hughes.
7:04 of 1st period - Icing by Quinn Hughes.
7:05 of 1st period - Dylan Strome wins face-off versus Leon Draisaitl in Colorado Rockies zone.
7:12 of 1st period - Snap shot by Dylan Strome.
7:12 of 1st period - Shot Blocked by Erik Gudbranson.
7:14 of 1st period - Slapshot by Quinn Hughes.
7:14 of 1st period - Shot Misses the Net.
7:16 of 1st period - Snap shot by Quinn Hughes.
7:16 of 1st period - Shot Blocked by T.J. Brodie.
7:18 of 1st period - Snap shot by Jesper Bratt.
7:18 of 1st period - Stopped by Jonathan Quick with a rebound.
7:20 of 1st period - Slapshot by Quinn Hughes.
7:20 of 1st period - Shot Blocked by T.J. Brodie.
7:26 of 1st period - Snap shot by Tim Stutzle.
7:26 of 1st period - Shot Misses the Net.
7:28 of 1st period - Wrist shot by Tim Stutzle.
7:28 of 1st period - Shot Misses the Net.
7:30 of 1st period - Slapshot by Roman Josi.
7:30 of 1st period - Deflect By Jesper Bratt.
7:30 of 1st period - Shot Misses the Net.
7:30 of 1st period - Puck is out of play.
7:31 of 1st period - Jean-Gabriel Pageau wins face-off versus Evgeny Kuznetsov in Pittsburgh Penguins zone.
7:31 of 1st period - Jean-Gabriel Pageau is hit by Evgeny Kuznetsov.
8:11 of 1st period - Slapshot by Erik Karlsson.
8:11 of 1st period - Deflect By Jordan Eberle.
8:11 of 1st period - Shot Blocked by Ryan O'Reilly.
8:11 of 1st period - Puck is out of play.
8:12 of 1st period - Ryan Johansen wins face-off versus Evgeny Kuznetsov in Colorado Rockies zone.
8:13 of 1st period - Wrist shot by Pavel Buchnevich.
8:13 of 1st period - Shot Misses the Net.
8:15 of 1st period - Slapshot by Erik Gudbranson.
8:15 of 1st period - Shot Blocked by Kyle Connor.
8:17 of 1st period - Snap shot by Ryan Johansen.
8:17 of 1st period - Stopped by Andrei Vasilevskiy with a rebound.
8:19 of 1st period - Slapshot by T.J. Brodie.
8:19 of 1st period - Stopped by Andrei Vasilevskiy with a rebound.
8:21 of 1st period - Slapshot by Erik Gudbranson.
8:21 of 1st period - Stopped by Andrei Vasilevskiy with a rebound.
8:23 of 1st period - Slapshot by Pavel Buchnevich.
8:23 of 1st period - Stopped by Andrei Vasilevskiy without a rebound.
8:24 of 1st period - Leon Draisaitl wins face-off versus Ryan O'Reilly in Colorado Rockies zone.
9:22 of 1st period - Off-side.
9:23 of 1st period - Colton Sissons wins face-off versus Ryan O'Reilly in neutral zone.
10:56 of 1st period - David Pastrnak is hit by Colton Sissons and loses puck.
11:52 of 1st period - Nick Bonino is hit by Chris Tanev and loses puck.
12:31 of 1st period - Off-side.
12:32 of 1st period - Evgeny Kuznetsov wins face-off versus Jean-Gabriel Pageau in neutral zone.
12:45 of 1st period - Wrist shot by Evgeny Kuznetsov.
12:45 of 1st period - Stopped by Jonathan Quick without a rebound.
12:46 of 1st period - Leon Draisaitl wins face-off versus Dylan Strome in Pittsburgh Penguins zone.
13:36 of 1st period - Slapshot by Nick Schmaltz.
13:36 of 1st period - Shot Misses the Net.
13:38 of 1st period - Slapshot by Ryan O'Reilly.
13:38 of 1st period - Stopped by Jonathan Quick with a rebound.
13:40 of 1st period - Wrist shot by Nick Schmaltz.
13:40 of 1st period - Shot Blocked by Chris Tanev.
13:42 of 1st period - Slapshot by Ryan O'Reilly.
13:42 of 1st period - Stopped by Jonathan Quick without a rebound.
13:43 of 1st period - Ryan Johansen wins face-off versus Dylan Strome in Pittsburgh Penguins zone.
13:45 of 1st period - Minor Penalty to Jeff Carter for Tripping.
13:46 of 1st period - Leon Draisaitl wins face-off versus Evgeny Kuznetsov in Pittsburgh Penguins zone.
13:46 of 1st period - Leon Draisaitl is hit by Roman Josi.
13:59 of 1st period - Wrist shot by Nikita Kucherov.
13:59 of 1st period - Stopped by Jonathan Quick with a rebound.
14:01 of 1st period - Slapshot by Roman Josi.
14:01 of 1st period - Shot Misses the Net.
14:13 of 1st period - Pavel Buchnevich is hit by Nick Schmaltz and loses puck.
14:20 of 1st period - Snap shot by Nick Schmaltz.
14:20 of 1st period - Stopped by Jonathan Quick with a rebound.
14:24 of 1st period - Snap shot by Nick Schmaltz.
14:24 of 1st period - Stopped by Jonathan Quick without a rebound.
14:25 of 1st period - Evgeny Kuznetsov wins face-off versus Leon Draisaitl in Pittsburgh Penguins zone.
14:57 of 1st period - Mitch Marner is hit by Ryan O'Reilly and loses puck.
15:14 of 1st period - Snap shot by Kyle Connor.
15:14 of 1st period - Stopped by Jonathan Quick with a rebound.
15:45 of 1st period - Penalty to Jeff Carter is over, Jeff Carter is back on ice.
15:52 of 1st period - Backhand shot by Jesper Bratt.
15:52 of 1st period - Shot Misses the Net.
16:00 of 1st period - Slapshot by Leon Draisaitl.
16:00 of 1st period - Stopped by Andrei Vasilevskiy with a rebound.
16:33 of 1st period - Minor Penalty to Jesper Bratt for Hooking.
16:34 of 1st period - Ryan O'Reilly wins face-off versus Ryan Johansen in Colorado Rockies zone.
16:34 of 1st period - Ryan O'Reilly is hit by Pavel Buchnevich.
16:41 of 1st period - Snap shot by Ryan O'Reilly.
16:41 of 1st period - Stopped by Jonathan Quick with a rebound.
17:31 of 1st period - Slapshot by Nick Bonino.
17:31 of 1st period - Shot Misses the Net.
17:33 of 1st period - Wrist shot by Roman Josi.
17:33 of 1st period - Shot Blocked by Reilly Smith.
17:35 of 1st period - Slapshot by Martin Fehervary.
17:35 of 1st period - Shot Blocked by Erik Karlsson.
17:37 of 1st period - Slapshot by Nick Bonino.
17:37 of 1st period - Shot Blocked by Sam Reinhart.
17:37 of 1st period - Sam Reinhart from Pittsburgh Penguins is injured at 17:37 of 1st period (Sprained Right Finger).
17:38 of 1st period - Leon Draisaitl wins face-off versus Ryan O'Reilly in Pittsburgh Penguins zone.
17:51 of 1st period - Slapshot by Mitch Marner.
17:51 of 1st period - Stopped by Andrei Vasilevskiy with a rebound.
18:33 of 1st period - Penalty to Jesper Bratt is over, Jesper Bratt is back on ice.
19:29 of 1st period - Slapshot by Erik Karlsson.
19:29 of 1st period - Shot Blocked by Evgeny Kuznetsov.
Goals for this period are 0 for Pittsburgh Penguins vs 0 for Colorado Rockies.
Shots for this period are 9 for Pittsburgh Penguins vs 12 for Colorado Rockies.
2nd period
0:01 of 2nd period - Evgeny Kuznetsov wins face-off versus Pavel Buchnevich in neutral zone.
0:20 of 2nd period - Quinn Hughes is hit by Pavel Buchnevich and loses puck.
0:31 of 2nd period - Snap shot by Nick Schmaltz.
0:31 of 2nd period - Shot Blocked by Mattias Ekholm.
0:33 of 2nd period - Snap shot by Ryan O'Reilly.
0:33 of 2nd period - Stopped by Jonathan Quick without a rebound.
0:34 of 2nd period - Jean-Gabriel Pageau wins face-off versus Ryan O'Reilly in Pittsburgh Penguins zone.
0:54 of 2nd period - Off-side.
0:55 of 2nd period - Ryan Johansen wins face-off versus Evgeny Kuznetsov in neutral zone.
1:36 of 2nd period - Slapshot by Mitch Marner.
1:36 of 2nd period - Stopped by Andrei Vasilevskiy without a rebound.
1:37 of 2nd period - Colton Sissons wins face-off versus Evgeny Kuznetsov in Colorado Rockies zone.
1:38 of 2nd period - Wrist shot by Jordan Eberle.
1:38 of 2nd period - Shot Misses the Net.
1:40 of 2nd period - Slapshot by Erik Gudbranson.
1:40 of 2nd period - Stopped by Andrei Vasilevskiy without a rebound.
1:40 of 2nd period - Minor Penalty to Andrei Vasilevskiy for Delaying the game.
1:41 of 2nd period - Kevin Hayes wins face-off versus Ryan Johansen in Colorado Rockies zone.
1:52 of 2nd period - Wrist shot by Pavel Buchnevich.
1:52 of 2nd period - Shot Blocked by Martin Fehervary.
1:54 of 2nd period - Slapshot by Ryan Johansen.
1:54 of 2nd period - Shot Blocked by Martin Fehervary.
1:56 of 2nd period - Slapshot by Chris Tanev.
1:56 of 2nd period - Shot Blocked by Ryan O'Reilly.
3:40 of 2nd period - Penalty to Kyle Connor is over, Kyle Connor is back on ice.
4:38 of 2nd period - Mitch Marner is hit by Kyle Connor and loses puck.
6:46 of 2nd period - Kyle Connor is hit by Jean-Gabriel Pageau and loses puck.
7:00 of 2nd period - Icing by Victor Hedman.
7:01 of 2nd period - Colton Sissons wins face-off versus Ryan O'Reilly in Colorado Rockies zone.
7:02 of 2nd period - Slapshot by Jordan Eberle.
7:02 of 2nd period - Deflect By Blake Coleman.
7:02 of 2nd period - Shot Blocked by Victor Hedman.
7:02 of 2nd period - Puck is out of play.
7:03 of 2nd period - Evgeny Kuznetsov wins face-off versus Colton Sissons in Colorado Rockies zone.
7:03 of 2nd period - Evgeny Kuznetsov is hit by Colton Sissons.
7:11 of 2nd period - Snap shot by Jordan Eberle.
7:11 of 2nd period - Shot Misses the Net.
7:31 of 2nd period - Slapshot by Erik Karlsson.
7:31 of 2nd period - Stopped by Andrei Vasilevskiy without a rebound.
7:32 of 2nd period - Dylan Strome wins face-off versus Ryan Johansen in Colorado Rockies zone.
7:32 of 2nd period - Dylan Strome is hit by Ryan Johansen.
7:55 of 2nd period - Minor Penalty to Ryan Suter for Roughing.
7:56 of 2nd period - Evgeny Kuznetsov wins face-off versus Leon Draisaitl in Pittsburgh Penguins zone.
8:09 of 2nd period - Off-side.
8:10 of 2nd period - Leon Draisaitl wins face-off versus Evgeny Kuznetsov in neutral zone.
8:25 of 2nd period - Snap shot by Nikita Kucherov.
8:25 of 2nd period - Stopped by Jonathan Quick without a rebound.
8:26 of 2nd period - Evgeny Kuznetsov wins face-off versus Jordan Eberle in Pittsburgh Penguins zone.
8:37 of 2nd period - Wrist shot by Nikita Kucherov.
8:37 of 2nd period - Shot Misses the Net.
8:39 of 2nd period - Snap shot by Evgeny Kuznetsov.
8:39 of 2nd period - Stopped by Jonathan Quick without a rebound.
8:40 of 2nd period - Evgeny Kuznetsov wins face-off versus Leon Draisaitl in Pittsburgh Penguins zone.
9:55 of 2nd period - Penalty to Ryan Suter is over, Ryan Suter is back on ice.
10:13 of 2nd period - Wrist shot by Jordan Eberle.
10:13 of 2nd period - Shot Misses the Net.
10:43 of 2nd period - Backhand shot by Ryan Johansen.
10:43 of 2nd period - Deflect By Pavel Buchnevich.
10:43 of 2nd period - Shot Misses the Net.
10:43 of 2nd period - Puck is out of play.
10:44 of 2nd period - Ryan O'Reilly wins face-off versus Ryan Johansen in Colorado Rockies zone.
10:56 of 2nd period - Icing by Jeff Carter.
10:57 of 2nd period - Ryan Johansen wins face-off versus Evgeny Kuznetsov in Pittsburgh Penguins zone.
10:57 of 2nd period - Ryan Johansen is hit by Victor Hedman.
11:09 of 2nd period - Nikita Kucherov is hit by Ryan Johansen and loses puck.
11:14 of 2nd period - Snap shot by Jeff Carter.
11:14 of 2nd period - Shot Blocked by Victor Hedman.
11:16 of 2nd period - Snap shot by Jeff Carter.
11:16 of 2nd period - Shot Blocked by Zach Werenski.
11:18 of 2nd period - Wrist shot by Ryan Johansen.
11:18 of 2nd period - Shot Misses the Net.
11:20 of 2nd period - Snap shot by Ryan Johansen.
11:20 of 2nd period - Shot Misses the Net.
11:26 of 2nd period - Wrist shot by Ryan Johansen.
11:26 of 2nd period - Stopped by Andrei Vasilevskiy without a rebound.
11:27 of 2nd period - Ryan O'Reilly wins face-off versus Leon Draisaitl in Colorado Rockies zone.
12:03 of 2nd period - Snap shot by Blake Coleman.
12:03 of 2nd period - Shot Misses the Net.
12:18 of 2nd period - Wrist shot by Zach Werenski.
12:18 of 2nd period - Stopped by Jonathan Quick without a rebound.
12:19 of 2nd period - Ryan Johansen wins face-off versus Kyle Connor in Pittsburgh Penguins zone.
12:24 of 2nd period - Evgeny Kuznetsov is hit by Pavel Buchnevich and loses puck.
12:33 of 2nd period - Wrist shot by Kyle Connor.
12:33 of 2nd period - Stopped by Jonathan Quick with a rebound.
12:35 of 2nd period - Snap shot by Shea Theodore.
12:35 of 2nd period - Stopped by Jonathan Quick with a rebound.
12:45 of 2nd period - Wrist shot by Nikita Kucherov.
12:45 of 2nd period - Stopped by Jonathan Quick with a rebound.
12:47 of 2nd period - Slapshot by Zach Werenski.
12:47 of 2nd period - Stopped by Jonathan Quick without a rebound.
12:48 of 2nd period - Jean-Gabriel Pageau wins face-off versus Ryan O'Reilly in Pittsburgh Penguins zone.
13:21 of 2nd period - Snap shot by Tim Stutzle.
13:21 of 2nd period - Goal by Tim Stutzle - Pittsburgh Penguins : 0 - Colorado Rockies : 1.
13:22 of 2nd period - Ryan O'Reilly wins face-off versus Leon Draisaitl in neutral zone.
13:29 of 2nd period - David Pastrnak is hit by Mitch Marner and loses puck.
14:53 of 2nd period - Ryan Suter is hit by Ryan O'Reilly and loses puck.
15:04 of 2nd period - Wrist shot by David Pastrnak.
15:04 of 2nd period - Shot Blocked by Chris Tanev.
15:30 of 2nd period - Minor Penalty to Ryan Suter for Roughing.
15:31 of 2nd period - Evgeny Kuznetsov wins face-off versus Leon Draisaitl in Pittsburgh Penguins zone.
15:34 of 2nd period - Wrist shot by Kyle Connor.
15:34 of 2nd period - Shot Blocked by Erik Karlsson.
16:06 of 2nd period - Snap shot by Nick Schmaltz.
16:06 of 2nd period - Goal by Nick Schmaltz - Pittsburgh Penguins : 0 - Colorado Rockies : 2.
16:07 of 2nd period - Leon Draisaitl wins face-off versus Ryan O'Reilly in neutral zone.
16:12 of 2nd period - Snap shot by Leon Draisaitl.
16:12 of 2nd period - Stopped by Andrei Vasilevskiy with a rebound.
16:36 of 2nd period - Wrist shot by Jesper Bratt.
16:36 of 2nd period - Stopped by Jonathan Quick without a rebound.
16:37 of 2nd period - Dylan Strome wins face-off versus Ryan Johansen in Pittsburgh Penguins zone.
16:44 of 2nd period - Slapshot by Tim Stutzle.
16:44 of 2nd period - Stopped by Jonathan Quick without a rebound.
16:45 of 2nd period - Anders Lee wins face-off versus Nikita Kucherov in Pittsburgh Penguins zone.
16:50 of 2nd period - Backhand shot by Jean-Gabriel Pageau.
16:50 of 2nd period - Stopped by Andrei Vasilevskiy with a rebound.
16:52 of 2nd period - Slapshot by Erik Gudbranson.
16:52 of 2nd period - Shot Blocked by Roman Josi.
16:54 of 2nd period - Slapshot by Erik Gudbranson.
16:54 of 2nd period - Stopped by Andrei Vasilevskiy without a rebound.
16:55 of 2nd period - Evgeny Kuznetsov wins face-off versus Jean-Gabriel Pageau in Colorado Rockies zone.
17:02 of 2nd period - Backhand shot by Victor Hedman.
17:02 of 2nd period - Shot Blocked by T.J. Brodie.
17:14 of 2nd period - Snap shot by Jean-Gabriel Pageau.
17:14 of 2nd period - Stopped by Andrei Vasilevskiy without a rebound.
17:15 of 2nd period - Dylan Strome wins face-off versus Leon Draisaitl in Colorado Rockies zone.
17:24 of 2nd period - Slapshot by Tim Stutzle.
17:24 of 2nd period - Shot Misses the Net.
17:26 of 2nd period - Wrist shot by Dylan Strome.
17:26 of 2nd period - Stopped by Jonathan Quick with a rebound.
17:28 of 2nd period - Slapshot by Dylan Strome.
17:28 of 2nd period - Shot Misses the Net.
17:30 of 2nd period - Wrist shot by Tim Stutzle.
17:30 of 2nd period - Stopped by Jonathan Quick without a rebound.
17:31 of 2nd period - Ryan O'Reilly wins face-off versus Ryan Johansen in Pittsburgh Penguins zone.
17:46 of 2nd period - Snap shot by Ryan Johansen.
17:46 of 2nd period - Goal by Ryan Johansen - Pittsburgh Penguins : 1 - Colorado Rockies : 2.
17:47 of 2nd period - Dylan Strome wins face-off versus Leon Draisaitl in neutral zone.
17:52 of 2nd period - Snap shot by Tim Stutzle.
17:52 of 2nd period - Stopped by Jonathan Quick without a rebound.
17:53 of 2nd period - Leon Draisaitl wins face-off versus Dylan Strome in Pittsburgh Penguins zone.
17:59 of 2nd period - Minor Penalty to Leon Draisaitl for Elbowing.
18:00 of 2nd period - Jordan Eberle wins face-off versus Evgeny Kuznetsov in Pittsburgh Penguins zone.
18:27 of 2nd period - Wrist shot by David Pastrnak.
18:27 of 2nd period - Stopped by Jonathan Quick without a rebound.
18:28 of 2nd period - Jordan Eberle wins face-off versus Ryan O'Reilly in Pittsburgh Penguins zone.
18:53 of 2nd period - Pavel Buchnevich is hit by Ryan O'Reilly and loses puck.
19:01 of 2nd period - Slapshot by Victor Hedman.
19:01 of 2nd period - Shot Blocked by Erik Karlsson.
19:23 of 2nd period - Snap shot by David Pastrnak.
19:23 of 2nd period - Shot Misses the Net.
19:25 of 2nd period - Slapshot by Victor Hedman.
19:25 of 2nd period - Shot Misses the Net.
19:35 of 2nd period - Snap shot by David Pastrnak.
19:35 of 2nd period - Shot Misses the Net.
19:37 of 2nd period - Slapshot by Victor Hedman.
19:37 of 2nd period - Shot Blocked by Jean-Gabriel Pageau.
19:39 of 2nd period - Snap shot by Zach Werenski.
19:39 of 2nd period - Shot Blocked by Mattias Ekholm.
19:41 of 2nd period - Snap shot by Ryan O'Reilly.
19:41 of 2nd period - Stopped by Jonathan Quick without a rebound.
19:42 of 2nd period - Evgeny Kuznetsov wins face-off versus Jordan Eberle in Pittsburgh Penguins zone.
19:59 of 2nd period - Penalty to Leon Draisaitl is over, Leon Draisaitl is back on ice.
Goals for this period are 1 for Pittsburgh Penguins vs 2 for Colorado Rockies.
Shots for this period are 9 for Pittsburgh Penguins vs 17 for Colorado Rockies.
3rd period
0:01 of 3rd period - Leon Draisaitl wins face-off versus David Pastrnak in neutral zone.
0:04 of 3rd period - Snap shot by Leon Draisaitl.
0:04 of 3rd period - Shot Blocked by Ryan O'Reilly.
0:10 of 3rd period - Snap shot by Quinn Hughes.
0:10 of 3rd period - Shot Misses the Net.
0:12 of 3rd period - Slapshot by Roman Josi.
0:12 of 3rd period - Stopped by Jonathan Quick with a rebound.
0:14 of 3rd period - Snap shot by David Pastrnak.
0:14 of 3rd period - Stopped by Jonathan Quick with a rebound.
0:16 of 3rd period - Snap shot by Ryan O'Reilly.
0:16 of 3rd period - Stopped by Jonathan Quick without a rebound.
0:17 of 3rd period - Ryan Johansen wins face-off versus Evgeny Kuznetsov in Pittsburgh Penguins zone.
0:31 of 3rd period - Minor Penalty to Jeff Carter for Interference.
0:32 of 3rd period - Evgeny Kuznetsov wins face-off versus Leon Draisaitl in Pittsburgh Penguins zone.
0:59 of 3rd period - Quinn Hughes is hit by Ryan Suter and loses puck.
1:10 of 3rd period - Snap shot by Jordan Eberle.
1:10 of 3rd period - Deflect By Pavel Buchnevich.
1:10 of 3rd period - Shot Misses the Net.
1:10 of 3rd period - Puck is out of play.
1:11 of 3rd period - Evgeny Kuznetsov wins face-off versus Leon Draisaitl in Colorado Rockies zone.
1:15 of 3rd period - Off-side.
1:16 of 3rd period - Evgeny Kuznetsov wins face-off versus Mitch Marner in neutral zone.
1:35 of 3rd period - Slapshot by Ryan Suter.
1:35 of 3rd period - Shot Blocked by Zach Werenski.
1:37 of 3rd period - Slapshot by Chris Tanev.
1:37 of 3rd period - Stopped by Andrei Vasilevskiy without a rebound.
1:38 of 3rd period - Leon Draisaitl wins face-off versus Ryan O'Reilly in Colorado Rockies zone.
2:31 of 3rd period - Penalty to Jeff Carter is over, Jeff Carter is back on ice.
2:46 of 3rd period - Backhand shot by Jakub Vrana.
2:46 of 3rd period - Stopped by Jonathan Quick without a rebound.
2:47 of 3rd period - Jean-Gabriel Pageau wins face-off versus Kevin Hayes in Pittsburgh Penguins zone.
2:57 of 3rd period - Wrist shot by Nick Bonino.
2:57 of 3rd period - Stopped by Jonathan Quick without a rebound.
2:58 of 3rd period - Dylan Strome wins face-off versus Mitch Marner in Pittsburgh Penguins zone.
3:29 of 3rd period - Wrist shot by Ryan Suter.
3:29 of 3rd period - Stopped by Andrei Vasilevskiy with a rebound.
3:33 of 3rd period - Snap shot by Ryan Johansen.
3:33 of 3rd period - Stopped by Andrei Vasilevskiy with a rebound.
3:35 of 3rd period - Snap shot by Jeff Carter.
3:35 of 3rd period - Stopped by Andrei Vasilevskiy with a rebound.
3:48 of 3rd period - Slapshot by Victor Hedman.
3:48 of 3rd period - Stopped by Jonathan Quick with a rebound.
4:10 of 3rd period - Wrist shot by Mitch Marner.
4:10 of 3rd period - Deflect By Jean-Gabriel Pageau.
4:10 of 3rd period - Stopped by Andrei Vasilevskiy without a rebound.
4:11 of 3rd period - Leon Draisaitl wins face-off versus Dylan Strome in Colorado Rockies zone.
4:38 of 3rd period - Pavel Buchnevich is hit by Evgeny Kuznetsov and loses puck.
5:40 of 3rd period - Wrist shot by Leon Draisaitl.
5:40 of 3rd period - Shot Blocked by Martin Fehervary.
5:42 of 3rd period - Slapshot by Mitch Marner.
5:42 of 3rd period - Shot Misses the Net.
5:44 of 3rd period - Slapshot by Mattias Ekholm.
5:44 of 3rd period - Stopped by Andrei Vasilevskiy with a rebound.
5:46 of 3rd period - Slapshot by Jordan Eberle.
5:46 of 3rd period - Deflect By Mitch Marner.
5:46 of 3rd period - Shot Misses the Net.
5:46 of 3rd period - Puck is out of play.
5:47 of 3rd period - Ryan Johansen wins face-off versus Evgeny Kuznetsov in Colorado Rockies zone.
5:48 of 3rd period - Snap shot by Pavel Buchnevich.
5:48 of 3rd period - Shot Blocked by Roman Josi.
6:21 of 3rd period - Snap shot by Mattias Ekholm.
6:21 of 3rd period - Deflect By Jean-Gabriel Pageau.
6:21 of 3rd period - Shot Blocked by Quinn Hughes.
6:21 of 3rd period - Puck is out of play.
6:22 of 3rd period - Mitch Marner wins face-off versus Dylan Strome in Colorado Rockies zone.
6:55 of 3rd period - Snap shot by Pavel Buchnevich.
6:55 of 3rd period - Shot Misses the Net.
7:23 of 3rd period - Wrist shot by Blake Coleman.
7:23 of 3rd period - Stopped by Andrei Vasilevskiy with a rebound.
7:35 of 3rd period - Snap shot by Kevin Hayes.
7:35 of 3rd period - Deflect By Nick Bonino.
7:35 of 3rd period - Stopped by Jonathan Quick with a rebound.
7:51 of 3rd period - Mattias Ekholm is hit by Quinn Hughes.
8:29 of 3rd period - Wrist shot by Leon Draisaitl.
8:29 of 3rd period - Shot Misses the Net.
8:31 of 3rd period - Slapshot by Mitch Marner.
8:31 of 3rd period - Deflect By Leon Draisaitl.
8:31 of 3rd period - Shot Hit the Post.
8:31 of 3rd period - Puck is out of play.
8:32 of 3rd period - Evgeny Kuznetsov wins face-off versus Leon Draisaitl in Colorado Rockies zone.
8:32 of 3rd period - Evgeny Kuznetsov is hit by Mitch Marner.
8:54 of 3rd period - Minor Penalty to Ryan Suter for Boarding.
8:55 of 3rd period - Evgeny Kuznetsov wins face-off versus Leon Draisaitl in Pittsburgh Penguins zone.
9:22 of 3rd period - Ryan O'Reilly is hit by Pavel Buchnevich and loses puck.
10:54 of 3rd period - Penalty to Ryan Suter is over, Ryan Suter is back on ice.
11:26 of 3rd period - Jean-Gabriel Pageau is hit by Nick Bonino and loses puck.
11:43 of 3rd period - Snap shot by Jesper Bratt.
11:43 of 3rd period - Stopped by Jonathan Quick with a rebound.
11:53 of 3rd period - David Pastrnak is hit by Reilly Smith and loses puck.
12:23 of 3rd period - Mitch Marner is hit by Jakub Vrana and loses puck.
12:36 of 3rd period - Evgeny Kuznetsov is hit by Jeff Carter and loses puck.
13:05 of 3rd period - T.J. Brodie is hit by Jakub Vrana and loses puck.
13:41 of 3rd period - Mattias Ekholm is hit by Victor Hedman and loses puck.
14:02 of 3rd period - Dylan Strome is hit by Jean-Gabriel Pageau and loses puck.
15:04 of 3rd period - Quinn Hughes is hit by Pavel Buchnevich and loses puck.
15:19 of 3rd period - Mitch Marner is hit by Roman Josi and loses puck.
16:18 of 3rd period - Snap shot by Tim Stutzle.
16:18 of 3rd period - Stopped by Jonathan Quick with a rebound.
16:20 of 3rd period - Wrist shot by Dylan Strome.
16:20 of 3rd period - Shot Misses the Net.
17:36 of 3rd period - Snap shot by Nick Bonino.
17:36 of 3rd period - Shot Misses the Net.
17:38 of 3rd period - Wrist shot by Nikita Kucherov.
17:38 of 3rd period - Shot Misses the Net.
18:52 of 3rd period - Slapshot by Zach Werenski.
18:52 of 3rd period - Shot Blocked by Erik Gudbranson.
18:54 of 3rd period - Slapshot by Kyle Connor.
18:54 of 3rd period - Stopped by Jonathan Quick with a rebound.
18:56 of 3rd period - Wrist shot by Nikita Kucherov.
18:56 of 3rd period - Shot Misses the Net.
18:58 of 3rd period - Snap shot by Kyle Connor.
18:58 of 3rd period - Stopped by Jonathan Quick with a rebound.
19:00 of 3rd period - Wrist shot by Nikita Kucherov.
19:00 of 3rd period - Stopped by Jonathan Quick with a rebound.
19:02 of 3rd period - Snap shot by Victor Hedman.
19:02 of 3rd period - Stopped by Jonathan Quick with a rebound.
19:17 of 3rd period - Pittsburgh Penguins, Jonathan Quick is pulled from the net.
19:25 of 3rd period - Slapshot by Victor Hedman.
19:25 of 3rd period - Shot Blocked by T.J. Brodie.
19:27 of 3rd period - Snap shot by Zach Werenski.
19:27 of 3rd period - Deflect By Kyle Connor.
19:27 of 3rd period - Shot Misses the Net.
19:27 of 3rd period - Puck is out of play.
19:28 of 3rd period - Peter DeBoer call a timeout for Pittsburgh Penguins.
19:28 of 3rd period - Jonathan Quick from Pittsburgh Penguins was sent back in the game.
19:28 of 3rd period - Evgeny Kuznetsov wins face-off versus Leon Draisaitl in Pittsburgh Penguins zone.
19:33 of 3rd period - Snap shot by Evgeny Kuznetsov.
19:33 of 3rd period - Stopped by Jonathan Quick with a rebound.
19:35 of 3rd period - Wrist shot by Nikita Kucherov.
19:35 of 3rd period - Shot Misses the Net.
19:51 of 3rd period - Snap shot by Nikita Kucherov.
19:51 of 3rd period - Shot Misses the Net.
19:53 of 3rd period - Snap shot by Roman Josi.
19:53 of 3rd period - Stopped by Jonathan Quick with a rebound.
19:55 of 3rd period - Wrist shot by Kyle Connor.
19:55 of 3rd period - Stopped by Jonathan Quick without a rebound.
19:56 of 3rd period - Evgeny Kuznetsov wins face-off versus Leon Draisaitl in Pittsburgh Penguins zone.
Goals for this period are 0 for Pittsburgh Penguins vs 0 for Colorado Rockies.
Shots for this period are 7 for Pittsburgh Penguins vs 16 for Colorado Rockies.
Back to the Top